 Seeded DCSS version 0.30.1-11-g7821555f0a (webtiles) character file.

Game seed: 430007637681659361 (custom seed)

340 mattiecakes the Covered (level 6, -6/56 HPs)
             Began as a Minotaur Fighter on Nov 10, 2023.
             Was an Initiate of the Shining One.
             Mangled by Duvessa
             ... wielding a +0 short sword
              (9 damage)
             ... on level 4 of the Dungeon.
             The game lasted 00:05:26 (2726 turns).

mattiecakes the Covered (Minotaur Fighter)          Turns: 2726, Time: 00:05:27

Health: -6/56      AC: 15    Str: 26    XL:     6   Next: 30%
Magic:  5/5        EV:  8    Int:  5    God:    the Shining One [......]
Gold:   1798       SH:  4    Dex:  6    Spells: 5/5 levels left

rFire   . . .        g - +3 war axe
rCold   . . .        c - +0 buckler
rNeg    . . .        t - +0 chain mail
rPois   +            (helmet restricted)
rElec   .            (no cloak)
rCorr   .            o - +0 pair of gloves
SInv    +            (no boots)
Will    .....        x - amulet "Taaheuru" {RegenMP rPois Dex-4 SInv} Stlth
                     j - ring of flight
HPRegen 0.29/turn    y - ring "Fuk Odgh" {AC+4 Str+4 Stlth+}
MPRegen 0.49/turn

%: no passive effects
@: flying, glowing
A: horns 2, retaliatory headbutt
a: Renounce Religion


You were on level 4 of the Dungeon.
You worshipped the Shining One.
The Shining One was noncommittal.
You visited 2 branches of the dungeon, and saw 5 of its levels.

You collected 1798 gold pieces.

Inventory:

Hand Weapons
 g - a +3 war axe (weapon)
Armour
 c - a +0 buckler (worn)
 o - a +0 pair of gloves (worn)
 t - a +0 chain mail (worn)
Jewellery
 j - a ring of flight (left hand)
 x - the amulet "Taaheuru" (around neck) {RegenMP rPois Dex-4 SInv}
   (You acquired it on level 3 of the Dungeon)

   [amulet of magic regeneration]

   It increases your rate of magic regeneration.
   Dex:       It affects your dexterity (-4).
   rPois:     It protects you from poison.
   SInv:      It lets you see invisible.
 y - the ring "Fuk Odgh" (right hand) {AC+4 Str+4 Stlth+}
   (You acquired it on level 3 of the Dungeon)

   [ring of protection]

   AC:        It affects your AC (+4).
   Str:       It affects your strength (+4).
   Stlth:     It makes you more stealthy.
Wands
 d - a wand of flame (23)
Scrolls
 b - 2 scrolls of teleportation {unknown}
 e - 2 scrolls of noise {unknown}
 f - a scroll of vulnerability {unknown}
 h - 2 scrolls of identify {unknown}
 i - a scroll of brand weapon {unknown}
 l - a scroll of fear {unknown}
 q - a scroll of amnesia {unknown}
 r - a scroll of blinking {unknown}
 s - a scroll of immolation {unknown}
Potions
 k - a potion of cancellation {unknown}
 m - 2 potions of ambrosia {unknown}
 p - a potion of attraction {unknown}
 u - a potion of heal wounds {unknown}
 v - a potion of invisibility {unknown}


   Skills:
 + Level 5.2 Fighting
 + Level 4.5 Axes
 + Level 5.3 Armour
 + Level 5.3 Shields


You had 5 spell levels left.
You didn't know any spells.
Your spell library contained the following spells:

 Spells                   Type           Power      Damage    Failure   Level
 Sandblast                Erth           0%         2d4       96%         1
 Passwall                 Tmut/Erth      0%         N/A       99%         2
 Poisonous Vapours        Pois/Air       0%         N/A       99%         2
 Mephitic Cloud           Conj/Pois/Air  0%         N/A       100%        3
 Stone Arrow              Conj/Erth      0%         3d7       100%        3
 Freezing Cloud           Conj/Ice/Air   0%         6-21      100%        5


Dungeon Overview and Level Annotations

Branches:
Dungeon (4/15)             Temple (1/1) D:4

Altars:
Cheibriados
Elyvilon
Fedhas
Gozag
Kikubaaqudgha
Makhleb
Nemelex Xobeh
Qazlal
Ru
Sif Muna
Trog
Uskayaw
Wu Jian
Xom
Yredelemnul
Zin
The Shining One

Annotations:
D:4 Duvessa
Temple 2 transporters


Innate Abilities, Weirdness & Mutations

You have a pair of horns on your head.
You reflexively headbutt those who attack you in melee.


Message History

You are too injured to fight recklessly!
You are too injured to fight recklessly!
You are too injured to fight recklessly!
You are too injured to fight recklessly!
You are too injured to fight recklessly!
Unknown command.
Unknown command.
It was a potion of curing.
You feel better.
Duvessa hits you with a +0 short sword! x2
* * * LOW HITPOINT WARNING * * *
You barely miss Duvessa.
Duvessa is lightly wounded.
Duvessa hits you but does no damage. Duvessa hits you with a +0 short sword.
* * * LOW HITPOINT WARNING * * *
You hit Duvessa but do no damage.
Duvessa is lightly wounded.
Duvessa barely misses you. You block Duvessa's attack.
You hit Duvessa.
Duvessa is moderately wounded.
You block Duvessa's attack. Duvessa hits you with a +0 short sword!
* * * LOW HITPOINT WARNING * * *
You feel better. Duvessa hits you with a +0 short sword.
* * * LOW HITPOINT WARNING * * *
You feel better. Duvessa hits you with a +0 short sword.
* * * LOW HITPOINT WARNING * * *
Duvessa hits you but does no damage.
You barely miss Duvessa. Your headbutt misses Duvessa.
Duvessa is moderately wounded.
Duvessa hits you but does no damage.
You hit Duvessa but do no damage. You headbutt Duvessa.
Duvessa is moderately wounded.
Duvessa hits you with a +0 short sword! The Shining One protects you from harm!
You block Duvessa's attack.
You completely miss Duvessa.
Duvessa is moderately wounded.
Duvessa hits you but does no damage. Duvessa hits you with a +0 short sword.
* * * LOW HITPOINT WARNING * * *
Duvessa attacks as you move away! Duvessa hits you with a +0 short sword!
You die...

# # # ### ########
# ##.## #......#
####...####.####@#
............# #e#
####...######
#.w.# # ##.##
....... #.#
#........# #.#
#........# #+#
#........#
#.##...#.# #.
#...#.#


You could see Duvessa (berserk, fast) and a worm.

Vanquished Creatures
  Dowan (D:4)
  An orc priest (D:3)
  A hound (D:3)
  Terence (D:2)
  An iguana (D:4)
  5 adders
  3 gnolls (D:3)
  A worm (D:3)
  3 dart slugs
  11 orcs
  4 endoplasms
  7 giant cockroaches
  5 goblins
  12 hobgoblins
  4 jackals (D:3)
  4 quokkas
  10 ball pythons
  10 bats
  A frilled lizard (D:1)
  3 kobolds
  5 rats
93 creatures vanquished.

Notes
Turn   | Place    | Note
-------+----------+-------------------------------------------
     0 | D:1      | mattiecakes the Minotaur Fighter began the quest for the
                  | Orb.
     0 | D:1      | Reached XP level 1. HP: 19/19 MP: 0/0
   136 | D:1      | Reached XP level 2. HP: 27/27 MP: 1/1
   484 | D:1      | Reached XP level 3. HP: 33/33 MP: 2/2
   647 | D:2      | Noticed Terence
   662 | D:2      | Killed Terence
   663 | D:2      | Reached XP level 4. HP: 13/40 MP: 3/3
   781 | D:2      | Found an ancient bone altar of Kikubaaqudgha.
  1042 | D:2      | Found a faded altar of an unknown god.
  1402 | D:3      | Found a bloodstained altar of Trog.
  1403 | D:3      | Found an ornate altar of the Wu Jian Council.
  1570 | D:3      | Reached XP level 5. HP: 47/47 MP: 4/4
  1652 | D:3      | Found a basalt altar of Yredelemnul.
  1751 | D:3      | Reached skill level 5 in Armour
  1878 | D:3      | Reached skill level 5 in Shields
  1920 | D:3      | Found a sparkling altar of Nemelex Xobeh.
  2079 | D:3      | Reached skill level 5 in Fighting
  2182 | D:3      | Identified 4 scrolls of acquirement
  2182 | D:3      | Acquired the amulet "Taaheuru" {RegenMP rPois Dex-4 SInv}
  2184 | D:3      | Acquired 940 gold pieces
  2186 | D:3      | Acquired the ring "Fuk Odgh" {AC+4 Str+4 Stlth+}
  2200 | D:3      | Acquired 689 gold pieces
  2347 | D:4      | Found a staircase to the Ecumenical Temple.
  2359 | Temple   | Entered the Ecumenical Temple
  2359 | Temple   | Found a transporter.
  2359 | Temple   | Found a transporter.
  2361 | Temple   | Found a transporter.
  2361 | Temple   | Found a transporter.
  2386 | Temple   | Became a worshipper of the Shining One
  2478 | D:4      | Reached XP level 6. HP: 56/56 MP: 5/5
  2706 | D:4      | Noticed Dowan
  2708 | D:4      | Noticed Duvessa
  2714 | D:4      | Killed Dowan
  2720 | D:4      | HP: 2/56 [Duvessa/+0 short sword (12)]
  2724 | D:4      | The Shining One protects you from harm!
  2726 | D:4      | Mangled by Duvessa

Illustrated notes

Levels and vault maps discovered:
D:1:      wander_arrival_chamber, layout_basic, kennysheep_boxes
D:2:      layout_rooms, dilly_ecumenical_altar_fadedgnrine, basic_altar,
          uniq_terence
D:3:      layout_basic, mainiacjoe_overflow_swirl, jmf_multi_god_temple,
          minmay_puff
D:4:      layout_loops_corners, minmay_temple_entry_junction_2,
          minmay_joined_circles, uniq_robin, uniq_duvessa
Temple:   hellmonk_temple_divided_pantheon

Skill      XL: |  1  2  3  4  5 |
---------------+----------------+-----
Armour         | 4 5 |  5.3
Shields        | 4 5 |  5.3
Fighting       | 4 5 |  5.2
Axes           | 3 4 |  4.5

Action                     |  1- 3 |  4- 6 || total
---------------------------+-------+-------++-------
  Melee: War axe           |    57 |   119 ||   176
         Headbutt          |     4 |    17 ||    21
    Use: Potion            |     1 |     3 ||     4
         Scroll            |       |     4 ||     4
 Armour: Scale mail        |    28 |    27 ||    55
         Chain mail        |       |    35 ||    35
  Dodge: Dodged            |    28 |    45 ||    73
  Block: Buckler           |    17 |    30 ||    47
